 Dungeon Crawl Stone Soup version 0.26-a0-784-g51bffae0b1 (webtiles) character file.

Game seed: 1065810545231261423

0 Gargoyl the Skirmisher (level 1, -1/23 HPs)
             Began as a Gnoll Abyssal Knight on Nov 10, 2020.
             Was a Follower of Lugonu.
             Incinerated by a smoke demon (6 damage)
             ... with a sticky flame
             ... on level 3 of the Abyss.
             The game lasted 00:00:43 (154 turns).

Gargoyl the Skirmisher (Gnoll Abyssal Knight)        Turns: 154, Time: 00:00:43

Health: -1/23      AC:  3    Str: 14    XL:     1   Next: 0%
Magic:  3/3        EV: 12    Int: 14    God:    Lugonu [*.....]
Gold:   27         SH:  0    Dex: 14    Spells: 0/0 levels left

rFire    . . .     SeeInvis .   a - +1 hand axe
rCold    . . .     Faith    .   (no shield)
rNeg     . . .     Spirit   .   b - +0 leather armour
rPois    .         Reflect  .   (no helmet)
rElec    .         Harm     .   (no cloak)
rCorr    .         Rampage  .   (no gloves)
MR       .....                  (no boots)
Stlth    +.........             (no amulet)
HPRegen  0.07/turn              c - ring of stealth
MPRegen  0.08/turn              (no ring)

@: lethally poisoned (-1 -> -3), liquid flames, glowing
A: distributed training, fangs 1, strong nose
a: Depart the Abyss, Renounce Religion


You were on level 3 of the Abyss.
You worshipped Lugonu.
Lugonu was aware of your devotion.
You visited 0 branches of the dungeon, and saw 0 of its levels.
You visited the Abyss 1 time.

You collected 27 gold pieces.

Inventory:

Hand Weapons
 a - a +1 hand axe (weapon)
Armour
 b - a +0 leather armour (worn)
Jewellery
 c - a ring of stealth (left hand)


   Skills:
 + Level 6.4 Fighting
 + Level 0.0 Short Blades
 + Level 0.0 Long Blades
 + Level 4.4 Axes
 + Level 0.0 Maces & Flails
 + Level 0.0 Polearms
 + Level 0.0 Staves
 + Level 0.0 Slings
 + Level 0.0 Bows
 + Level 0.0 Crossbows
 + Level 0.0 Throwing
 + Level 4.4 Armour
 + Level 2.3 Dodging
 + Level 0.0 Stealth
 + Level 0.0 Shields
 + Level 0.0 Unarmed Combat
 + Level 0.0 Spellcasting
 + Level 0.0 Conjurations
 + Level 0.0 Hexes
 + Level 0.0 Summonings
 + Level 0.0 Necromancy
 + Level 0.0 Translocations
 + Level 0.0 Transmutations
 + Level 0.0 Fire Magic
 + Level 0.0 Ice Magic
 + Level 0.0 Air Magic
 + Level 0.0 Earth Magic
 + Level 0.0 Poison Magic
 + Level 4.4 Invocations
 + Level 0.0 Evocations


You couldn't memorise any spells.
You didn't know any spells.
Your spell library was empty.

Dungeon Overview and Level Annotations

Branches:
Dungeon (0/15)

Altars:


Innate Abilities, Weirdness & Mutations

Your experience applies equally to all skills.
You have very sharp teeth.
Your uncanny sense of smell can sniff out nearby items.


Message History

You feel sick.
Found 19 stones.
A smoke demon comes into view.
You feel sick.
A tentacle flies out from the starspawn's body!
The smoke demon gestures at you. The sticky flame misses you.
A starspawn tentacle comes into view.
You feel sick.
You feel sick. The smoke demon gestures at you. The sticky flame hits you.
You are covered in liquid flames!
You are covered in liquid flames!
* * * LOW HITPOINT WARNING * * *
You open the gate.
A dancing weapon and an angel come into view.
The angel is wielding a +3 whip of holy wrath.
There is a +2 long sword of holy wrath.
You are covered in liquid flames!
You die...

.. ##.( ..#3# #..#
#.#....# ##..# ....
.#..#..##.X## ....
....#....#.###.. .#
...#...#..#..#####
...#...#...##.#..'...##
.#. ##....#..3#.∩'.⌠A(+
. #.#.#.. #....'...#
#.....#.####...@#
##..#.####.##.#........
#....##. #####........
# #. ..#.# #.....###
#.....##.§# #######
#.#......4## .. #
.##.##. .# . ....
.##N#.# ## ##...# #.
#####.


You could see an angel (asleep), a smoke demon and a +2 long sword of holy wrath
(dormant).

Vanquished Creatures (others)
  2 starspawn tentacles (Abyss:3)
2 creatures vanquished.

Notes
Turn   | Place    | Note
-------+----------+-------------------------------------------
     0 | Abyss:1  | Gargoyl the Gnoll Abyssal Knight began the quest for the
                  | Orb.
     0 | Abyss:1  | Reached XP level 1. HP: 23/23 MP: 3/3
    67 | Abyss:2  | Noticed a large abomination
   111 | Abyss:3  | Noticed an ice devil
   122 | Abyss:3  | Noticed a worldbinder
   125 | Abyss:3  | Noticed a black mamba
   126 | Abyss:3  | Noticed a naga
   130 | Abyss:3  | Noticed a naga
   130 | Abyss:3  | Noticed a naga
   138 | Abyss:3  | Noticed a tentacled starspawn
   142 | Abyss:3  | Noticed a hell hound
   143 | Abyss:3  | Noticed a smoke demon
   154 | Abyss:3  | Noticed an angel
   154 | Abyss:3  | Noticed a +2 long sword of holy wrath
   154 | Abyss:3  | Incinerated by a smoke demon

Illustrated notes

Levels and vault maps discovered:
Abyss:3:  base: Temple, bh_abyss_exit_spiral, evilmike_abyss_rune_tso_outpost

Action                   || total
-------------------------++-------
  Use: Scroll            ||     2
Dodge: Dodged            ||     1

Table legend: (Time is in decaauts)
 A = Elapsed time spent in this place.
 B = Non-inter-level travel time spent in this place.
 C = Inter-level travel time spent in this place.
 D = Time resting spent in this place.
 E = Time spent auto-exploring this place.
 F = Levels seen in this place.
 G = Mean time per level.
                   A        B        C        D        E       F      G
               +--------+--------+--------+--------+--------+-----+--------+
         Total |    154 |    154 |      0 |      0 |     46 |   3 |   51.3 |
         Abyss |    154 |    154 |      0 |      0 |     46 |   3 |   51.3 |
               +--------+--------+--------+--------+--------+-----+--------+

Top non-repeatable levels by time:
 Abyss:3: 67 daAuts
 Abyss:2: 44 daAuts
 Abyss:1: 42 daAuts
